 Dungeon Crawl Stone Soup version 0.15-a0-1579-gd26fec2 (webtiles) character file.

88 Bloax the Changer (level 4, -11/32 HPs)
             Began as a Merfolk Transmuter on June 19, 2014.
             Mangled by an ogre
             ... wielding a +0 giant spiked club
              (13 damage)
             ... on Level 5 of the Dungeon.
             The game lasted 00:06:38 (830 turns).

Bloax the Changer (Merfolk Transmuter)               Turns: 830, Time: 00:06:38

HP -11/32        AC  4     Str 10      XL: 4   Next: 54%
MP   8/8         EV 11     Int 12      God:
Gold 74          SH  0     Dex 15      Spells:  2 memorised,  1 level left

rFire  . . .     SeeInvis .     g - +6 dagger
rCold  . . .     Clarity  .     h - +0 leather armour
rNeg   + . .     rCorr    .     (no shield)
rPois  .         rRot     .     (no helmet)
rElec  .         Spirit   .     c - +0 cloak
SustAb .         Warding  .     (no gloves)
rMut   .         Stasis   .     (no boots)
Gourm  .                        (no amulet)
MR     .....                    (no ring)
                                l - ring of positive energy

@: not resistant to hostile enchantments, very unstealthy
A: change form in water, swift swim
a: no special abilities


You were on level 5 of the Dungeon.
You were full.

You visited 1 branch of the dungeon, and saw 6 of its levels.

You collected 74 gold pieces.


   Skills:
 - Level 1.1 Fighting
 - Level 2.6 Dodging
 - Level 3.2 Unarmed Combat
 - Level 2.6 Spellcasting
 + Level 5.3 Transmutations
 + Level 0.9 Ice Magic


You had one spell level left.
You knew the following spells:

 Your Spells              Type           Power        Failure   Level  Hunger
b - Spider Form           Trmt/Pois      #.........   30%         3    ####...
c - Ice Form              Ice/Trmt       #.........   78%         4    #####..


Dungeon Overview and Level Annotations

Branches:
Dungeon (6/15)
 Temple: D:4-7

Altars:
Gozag

Annotations:
D:4 Blork the orc

Inventory:

Hand weapons
 g - a +6 dagger (weapon)
   (You took it off a goblin on level 2 of the Dungeon)
Missiles
 b - 12 arrows
Armour
 c - a +0 cloak (worn)
   (You found it on level 2 of the Dungeon)
 h - a +0 leather armour (worn)
   (You found it on level 3 of the Dungeon)
Comestibles
 a - 3 bread rations
Jewellery
 l - a ring of positive energy (left hand)
   (You found it on level 3 of the Dungeon)
Books
 d - a book of Changes

   Spells                             Type                      Level
   Beastly Appendage                  Transmutation                1
   Sticks to Snakes                   Transmutation                2
   *Spider Form                       Transmutation/Poison         3
   *Ice Form                          Ice/Transmutation            4
   Blade Hands                        Transmutation                5
 e - a book of Cantrips
   (You found it on level 3 of the Dungeon)

   Spells                             Type                      Level
   Corona                             Hexes                        1
   Animate Skeleton                   Necromancy                   1
   Summon Small Mammal                Summoning                    1
   Apportation                        Translocation                1

.................#
.#...............#
.............<...#
.#.........>.....#
.#.......).......#
........h........##
$#....nJK#......#
#.####O#######.# .
#@# .# #.# .# #.#
#.# #.# ..# .## #


You could see an ogre, a necrophage, a jelly, a jackal and a kobold.


Message History

The crimson imp hits you but does no damage.
Unknown command.
The crimson imp blinks!
The crimson imp blinks!
The crimson imp blinks!
The crimson imp blinks!
The crimson imp blinks!
The crimson imp blinks!
You feel a little less clever now.
The orc wizard mumbles some strange words.
The orc wizard blinks!
Found 13 bolts.
You aren't carrying any potions.
Read which item? (? for menu, Esc to quit)
Okay, then.
You aren't carrying any items that can be evoked.
Found a stone staircase leading up.
Unknown command.
Unknown command.
The orc wizard gestures at you while chanting.
You resist.
There is a stone staircase leading up here.
Unknown command.
Unknown command.
You climb upwards.
The kobold shouts!
The kobold unwields an uncursed dagger.
The kobold wields a blowgun.
The kobold shoots a poisoned needle.
The poisoned needle hits you.
You are poisoned.
You hear a distant blaring wail to the northeast.
Found 14 stones.
A jackal comes into view.
There is a stone staircase leading down here.
You see here a poisoned needle.
* * * LOW HITPOINT WARNING * * *
You feel sick.
Found a hat.
* * * LOW HITPOINT WARNING * * *
You feel sick.
The kobold shoots a poisoned needle.
The poisoned needle closely misses you.
You see here a poisoned needle.
You hear a slurping noise.
A necrophage comes into view.
* * * LOW HITPOINT WARNING * * *
You feel sick.
Unknown command.
A jackal comes into view.
The jackal barks!
A jackal comes into view.
* * * LOW HITPOINT WARNING * * *
You feel sick.
Found 15 gold pieces.
The jackal closely misses you. The jackal misses you.
You barely miss the jackal.
You feel sick. The jackal barely misses you.
You barely miss the jackal.
The jackal bites you but does no damage.
You hit the jackal.
The jackal is almost dead.
The jackal closely misses you.
The jackal bites you but does no damage.
You hit the jackal but do no damage.
The jackal is almost dead.
The jackal bites you but does no damage.
You hit the jackal.
You kill the jackal!
You feel sick.
You are no longer poisoned.
The ogre hits you with a giant spiked club!
You die...

Action                   |  1- 3 |  4- 6 || total
-------------------------+-------+-------++-------
Melee: Unarmed           |     8 |       ||     8
       Dagger            |    46 |    47 ||    93
 Cast: Beastly Appendage |     6 |       ||     6
  Use: Potion            |     1 |     1 ||     2
       Scroll            |       |     4 ||     4
 Stab: Sleeping          |     1 |       ||     1

Vault maps used:
D:1:      dpeg_arrival_rhombus, serial_bayou_pond_a
D:2:      nicolae_overflow_hidden_temple,
          nicolae_gozag_cash_rules_everything_around_me
D:3:      first_bread, corner_web_ring
D:4:      kennysheep_mini, uniq_blork_the_orc, uniq_natasha
D:5:      minmay_temple_entry_nine_rooms, serial_shops, kennysheep_little_box

Notes
Turn   | Place    | Note
--------------------------------------------------------------
     0 | D:1      | Bloax, the Merfolk Transmuter, began the quest for the Orb.
     0 | D:1      | Reached XP level 1. HP: 15/15 MP: 3/3
   107 | D:3      | Reached skill level 3 in Transmutations
   107 | D:3      | Reached XP level 2. HP: 19/21 MP: 3/5
   159 | D:2      | Reached XP level 3. HP: 8/26 MP: 6/6
   165 | D:2      | Found an opulent altar of Gozag.
   205 | D:2      | Reached skill level 4 in Transmutations
   212 | D:2      | Learned a level 3 spell: Spider Form
   381 | D:3      | HP: 6/26 [jackal (2)]
   385 | D:3      | Reached XP level 4. HP: 4/32 MP: 8/8
   391 | D:3      | Learned a level 4 spell: Ice Form
   399 | D:3      | HP: 5/32 [adder (1)]
   403 | D:3      | Reached skill level 5 in Transmutations
   656 | D:5      | Entered Level 5 of the Dungeon
   656 | D:5      | Noticed an ogre
   694 | D:4      | Noticed Blork the orc
   701 | D:5      | Noticed a centaur
   707 | D:5      | HP: 7/32 [centaur/arrow (4)]
   727 | D:6      | HP: 5/32 [crimson imp (4)]
   728 | D:6      | HP: 1/32 [crimson imp (4)]
   768 | D:6      | HP: 2/32 [orc/ tomahawk (3)]
   813 | D:5      | HP: 5/32 [poisoned by a kobold]
   817 | D:5      | Noticed a necrophage
   818 | D:5      | HP: 4/32 [poisoned by a kobold]
   826 | D:5      | HP: 3/32 [poisoned by a kobold]
   830 | D:5      | Mangled by an ogre

Vanquished Creatures
  4 adders
  An inept item mimic (D:3)
  2 worms
  An ooze (D:3)
  3 bats
  A bat skeleton (D:4)
  2 giant cockroaches
  3 goblins
  3 hobgoblins
  4 jackals
  A kobold (D:4)
  2 giant newts
  2 quokkas (D:3)
  A rat (D:4)
30 creatures vanquished.
